 Dungeon Crawl Stone Soup version 0.29-a0-340-g6efceafd81 (webtiles) character file.

Game seed: 5437536954944757895

2989 siradein the Skirmisher (level 9, -3/49 HPs)
             Began as a Vine Stalker Berserker on Apr 19, 2022.
             Was a High Priest of Trog.
             Slain by a vampire mosquito (4 damage)
             ... on level 6 of the Dungeon.
             The game lasted 00:14:07 (6546 turns).

siradein the Skirmisher (Vine Stalker Berserker)    Turns: 6546, Time: 00:14:08

Health: -3/49      AC:  6    Str: 21    XL:     9   Next: 83%
Magic:  0/10       EV: 14    Int:  5    God:    Trog [*****.]
Gold:   407        SH:  0    Dex: 17    Spells: 8/8 levels left

rFire   . . .      SeeInvis +   h - +1 short sword (elec)
rCold   + + .      Faith    +   (no shield)
rNeg    . . .      Spirit   +   s - +0 leather armour of the Fiddle {rPois rC++}
rPois   +          Reflect  .   (no helmet)
rElec   .          Harm     .   z - +0 cloak
rCorr   .          Rampage  .   b - +0 pair of gloves
Will    +....                   (no boots)
Stlth   +.........              c - amulet of faith
HPRegen 0.96/turn               C - ring of see invisible
MPRegen 0.12/turn               A - +4 ring of protection

@: corroded
A: fangs 3, regeneration 1, magic shield, antimagic bite, no potion heal 2,
talons 1, dopey 1
a: Renounce Religion, Berserk, Trog's Hand, Brothers in Arms


You were on level 6 of the Dungeon.
You worshipped Trog.
Trog was extremely pleased with you.
You visited 1 branch of the dungeon, and saw 7 of its levels.
You also visited: Sewer.

You collected 407 gold pieces.

Inventory:

Hand Weapons
 h - a +1 short sword of electrocution (weapon)
Armour
 b - a +0 pair of gloves (worn)
 s - the +0 leather armour of the Fiddle (worn) {rPois rC++}
   (You found it on level 4 of the Dungeon)

   rC:        It greatly protects you from cold.
   rPois:     It protects you from poison.
 z - a +0 cloak (worn)
Jewellery
 c - an amulet of faith (around neck)
 n - a +6 ring of strength
 A - a +4 ring of protection (right hand)
 C - a ring of see invisible (left hand)
 D - an amulet of regeneration
Wands
 d - a wand of charming (4)
 e - a wand of iceblast (38)
 l - a wand of polymorph (5)
 y - a wand of flame (30) (quivered)
 B - a wand of digging (9)
Scrolls
 a - 2 scrolls of fog
 f - 2 scrolls of immolation
 i - a scroll of amnesia {unknown}
 m - 3 scrolls of teleportation {unknown}
 o - a scroll of fear {unknown}
 p - 2 scrolls of magic mapping {unknown}
 q - 2 scrolls of enchant armour {unknown}
 u - a scroll of torment {unknown}
 v - a scroll of silence {unknown}
 w - a scroll of enchant weapon {unknown}
 x - a scroll of summoning {unknown}
Potions
 g - 5 potions of lignification
 j - a potion of flight
 k - 2 potions of brilliance {unknown}
 r - a potion of degeneration {unknown}
 t - 2 potions of curing {unknown}
 E - a potion of haste {unknown}


   Skills:
 + Level 6.7 Fighting
 + Level 6.6 Short Blades
 + Level 5.7 Armour
 + Level 5.7 Dodging


You had 8 spell levels left.
You didn't know any spells.
Your spell library was empty.

Dungeon Overview and Level Annotations

Branches:
Dungeon (7/15)              Sewer (visited)
 Temple: D:4-7

Altars:
Ashenzari

Annotations:
D:4 1 runed translucent door, bande's ghost, amateur GrFi


Innate Abilities, Weirdness & Mutations

You have razor-sharp teeth.
Your natural rate of healing is unusually fast.
When hurt, damage is shared between your health and your magic reserves.
Your bite disrupts and absorbs the magic of your enemies.
Potions cannot restore your health.
You have sharp toenails.
You are dopey. (Int -2)


Message History

You closely miss the vampire mosquito. The vampire mosquito bites you.
The vampire mosquito draws strength from your injuries!
The vampire mosquito misses you. The jelly barely misses you.
You miss the vampire mosquito. You bite the vampire mosquito.
You drain its power.
You feel invigorated.
The vampire mosquito is lightly damaged.
The vampire mosquito barely misses you. The vampire mosquito bites you.
The vampire mosquito draws strength from your injuries!
The vampire mosquito bites you.
The vampire mosquito draws strength from your injuries!
The vampire mosquito bites you but does no damage.
The jelly hits you but does no damage.
The vampire mosquito attacks as you move away!
The vampire mosquito bites you.
The vampire mosquito draws strength from your injuries!
The vampire mosquito attacks as you move away!
The vampire mosquito bites you but does no damage.
The vampire mosquito bites you.
The vampire mosquito draws strength from your injuries!
The vampire mosquito bites you.
The vampire mosquito draws strength from your injuries!
The jelly hits you. The acid corrodes you!
You are splashed with acid!
The vampire mosquito attacks as you move away!
The vampire mosquito barely misses you.
The vampire mosquito closely misses you.
The vampire mosquito bites you.
* * * LOW HITPOINT WARNING * * *
The vampire mosquito draws strength from your injuries!
The vampire mosquito closely misses you.
The vampire mosquito attacks as you move away!
The vampire mosquito closely misses you.
The vampire mosquito bites you!
* * * LOW HITPOINT WARNING * * *
The vampire mosquito draws strength from your injuries!
You closely miss the vampire mosquito. Your bite misses the vampire mosquito.
The vampire mosquito bites you!
* * * LOW HITPOINT WARNING * * *
The vampire mosquito draws strength from your injuries!
The vampire mosquito bites you.
You die...

....# #.#### #.# #.######.#
#.## ##### #.# #.## #.#
###.###.# #.# #..# #.##
#.....#.# #.# ##.#
#..###.....#.#♣ #.#
#)###...........♣♣♣ #.#
#.##>....#.....♣♣♣♣ #.#
#####.............♣♣♣≈P #†#
#.....##J.>..##.#♣♣≈≈≈≈ #.#
#.###.@yy....#..≈≈≈≈≈≈≈ #.#
#.######.#.#.#.≈≈≈P≈≈P≈
#.###...# #.......♣≈≈P≈≈≈≈
#..##.#.####.#.##..........
#<.##≈#.≈≈##.#.##..♣≈≈≈≈≈≈≈
###.#.≈≈≈≈≈#≈.##.###≈≈≈≈≈≈≈≈≈
#...≈#≈≈≈≈≈≈≈≈≈#.###♣≈≈≈≈≈≈≈≈
#.#≈≈≈≈≈≈..≈≈≈#≈..##≈≈≈≈≈≈≈♣♣
##.≈≈≈≈≈...≈≈≈≈≈.###♣≈≈≈≈≈≈♣


You could see 2 vampire mosquitoes and a jelly.

Vanquished Creatures
  5 yaks (D:6)
  An orc warrior (D:6)
  2 sky beasts
  A black bear (D:6)
  An ice beast (D:6)
  4 ogres
  2 centaurs (D:6)
  A phantom (D:6)
  A kobold brigand (D:6)
  2 bullfrogs
  2 scorpions
  3 electric eels (D:6)
  5 orc priests
  4 hounds (D:6)
  Crazy Yiuf (D:2)
  2 iguanas (D:4)
  4 orc wizards (D:6)
  3 gnolls (D:2)
  13 adders
  2 river rats (D:4)
  2 white imps
  A worm (D:4)
  9 dart slugs
  16 orcs
  15 ball pythons
  11 endoplasms
  12 giant cockroaches
  4 goblins (D:4)
  8 hobgoblins
  13 jackals
  12 quokkas
  9 bats
  9 frilled lizards
  10 kobolds
  4 rats
194 creatures vanquished.

Vanquished Creatures (others)
  28 plants (D:6)
28 creatures vanquished.

Grand Total: 222 creatures vanquished

Notes
Turn   | Place    | Note
-------+----------+-------------------------------------------
     0 | D:1      | siradein the Vine Stalker Berserker began the quest for the
                  | Orb.
     0 | D:1      | Reached XP level 1. HP: 11/11 MP: 2/2
   154 | D:1      | Reached XP level 2. HP: 15/16 MP: 3/3
   527 | D:1      | Reached XP level 3. HP: 11/20 MP: 4/4
   977 | D:1      | Reached ** piety under Trog
  1436 | D:2      | Found a runed translucent door.
  1437 | D:2      | Noticed Crazy Yiuf
  1489 | D:2      | HP: 1/20 [kobold/+0 club (1)]
  1494 | D:2      | HP: 1/30 [kobold/+0 club (2)]
  1927 | D:2      | Found a broken altar of Ashenzari.
  1937 | D:2      | Gained mutation: Your natural rate of healing is unusually
                  | fast. [Vine Stalker growth]
  1937 | D:2      | Reached XP level 4. HP: 23/24 MP: 5/5
  2017 | D:2      | Found a faded altar of an unknown god.
  2452 | D:3      | Reached XP level 5. HP: 26/28 MP: 6/6
  2707 | D:3      | Reached *** piety under Trog
  2929 | D:3      | Gained mutation: You are dopey. (Int -2) [potion of
                  | mutation]
  2929 | D:3      | Gained mutation: You have sharp toenails. [potion of
                  | mutation]
  2972 | D:4      | Found a glowing drain.
  2989 | D:4      | Reached XP level 6. HP: 22/33 MP: 7/7
  2998 | Sewer    | Entered a sewer
  3198 | Sewer    | Reached **** piety under Trog
  3497 | D:4      | Identified the +0 leather armour of the Fiddle {rPois rC++}
  3632 | D:4      | Noticed a sky beast
  3650 | D:4      | Killed a sky beast
  3651 | D:4      | Reached XP level 7. HP: 20/37 MP: 4/8
  3895 | D:4      | Found a runed translucent door.
  3901 | D:4      | Noticed bande's ghost (amateur GrFi)
  4112 | D:5      | Entered Level 5 of the Dungeon
  4906 | D:5      | Gained mutation: You have razor-sharp teeth. [Vine Stalker
                  | growth]
  4906 | D:5      | Reached XP level 8. HP: 42/42 MP: 9/9
  5163 | D:2      | Killed Crazy Yiuf
  5164 | D:2      | Reached skill level 5 in Fighting
  5513 | D:6      | Reached ***** piety under Trog
  5534 | D:6      | Reached skill level 5 in Short Blades
  5682 | D:6      | Noticed a yak
  5682 | D:6      | Noticed a yak
  5718 | D:6      | Noticed a yak
  5720 | D:6      | Noticed a yak
  5721 | D:6      | Noticed a yak
  5735 | D:6      | Killed a yak
  5740 | D:6      | Killed a yak
  5744 | D:6      | Killed a yak
  5745 | D:6      | Reached XP level 9. HP: 46/48 MP: 10/10
  5753 | D:6      | Received a gift from Trog
  5754 | D:6      | Reached skill level 5 in Armour
  5754 | D:6      | Reached skill level 5 in Dodging
  6546 | D:6      | HP: 1/49 [vampire mosquito (7)]
  6546 | D:6      | Slain by a vampire mosquito

Illustrated notes

Levels and vault maps discovered:
D:1:      dpeg_arrival_solitude, layout_loops_ring,
          minmay_misc_feat_secret_circle, minmay_misc_feat_four_crosses
D:2:      layout_rooms, basic_altar, nicolae_ecumenical_lake_church,
          uniq_crazy_yiuf_cottage
D:3:      layout_loops_ring
D:4:      layout_loops_ring, portal_sewer_entry_a, ebering_ghost_reflecting_pool
D:5:      layout_basic, saegor_snake_ambush
D:6:      kennysheep_slugbush, layout_loops_ring, serial_bayou,
          serial_bayou_crossing, serial_bayou_shore_b, serial_bayou_pond_c,
          serial_bayou_lagoon_b, serial_bayou_pond_b, serial_bayou_shore_a
D:7:      layout_layer_cave, minmay_temple_entry_slanted, serial_shops,
          nicolae_shop_trees

Skill      XL: |  1  2  3  4  5  6  7  8  9 |
---------------+----------------------------+-----
Fighting       | 3 4 5 6 |  6.7
Short Blades   | 3 4 5 6 |  6.6
Armour         | 2 3 4 5 |  5.7
Dodging        | 2 3 4 5 |  5.7

Action                   |  1- 3 |  4- 6 |  7- 9 || total
-------------------------+-------+-------+-------++-------
Melee: Short sword       |   126 |   274 |   225 ||   625
       Bite              |    29 |    50 |    69 ||   148
       Punch             |     1 |       |     4 ||     5
       Kick              |       |    37 |    62 ||    99
Invok: Berserk           |     1 |       |       ||     1
Evoke: Wand              |       |       |     6 ||     6
  Use: Scroll            |       |     4 |     2 ||     6
       Potion            |       |     1 |       ||     1
 Stab: Sleeping          |     1 |       |     1 ||     2
Armor: Animal skin       |     3 |       |       ||     3
       Ring mail         |    27 |       |       ||    27
       Scale mail        |    18 |    89 |       ||   107
       Leather armour    |       |     4 |    58 ||    62
Dodge: Dodged            |    84 |   155 |   125 ||   364

Table legend: (Time is in decaauts)
 A = Elapsed time spent in this place.
 B = Non-inter-level travel time spent in this place.
 C = Inter-level travel time spent in this place.
 D = Time resting spent in this place.
 E = Time spent auto-exploring this place.
 F = Levels seen in this place.
 G = Mean time per level.
                   A        B        C        D        E       F      G
               +--------+--------+--------+--------+--------+-----+--------+
         Total |   6642 |   6300 |    342 |    278 |   4622 |   8 |  830.2 |
       Dungeon |   6217 |   5875 |    342 |    278 |   4375 |   7 |  888.1 |
         Sewer |    424 |    424 |      0 |      0 |    247 |   1 |  424.0 |
               +--------+--------+--------+--------+--------+-----+--------+

Top non-repeatable levels by time:
     D:1: 1310 daAuts
     D:6: 1252 daAuts
     D:2: 1117 daAuts
     D:4: 1056 daAuts
     D:5: 851 daAuts
     D:3: 622 daAuts
   Sewer: 424 daAuts
     D:7: 7 daAuts
